 Dungeon Crawl Stone Soup version 0.29.1-debian-1-gc3f1650bb9 (webtiles) character file.

Game seed: 10183468292605422795

227298 scionoferis the Black Sun (level 18, -3/134 HPs)
             Began as a Mummy Conjurer on Sept 9, 2022.
             Was a High Priest of Kikubaaqudgha.
             Hit by a silver javelin thrown by a merfolk javelineer (7 damage)
             ... on level 4 of the Shoals on Sept 12, 2022.
             The game lasted 05:21:48 (49422 turns).

scionoferis the Black Sun (Mummy Conjurer)         Turns: 49422, Time: 05:21:50

Health: -3/134     AC: 10    Str: 11    XL:     18   Next: 67%
Magic:  4/36       EV: 17    Int: 23    God:    Kikubaaqudgha [*****.]
Gold:   3173       SH: 11    Dex: 18    Spells: 5/46 levels left

rFire   . . .      SeeInvis .   a - +3 trident (pain)
rCold   + + .      Faith    .   U - +0 kite shield {AC+3}
rNeg    + + +      Spirit   .   P - +1 robe {Archmagi}
rPois   ∞          Reflect  .   A - +0 helmet
rElec   .          Harm     .   N - scarf {rC+ rF+}
rCorr   .          Rampage  .   e - +0 pair of gloves
Will    +++..      Archmagi +   C - +0 pair of boots
Stlth   ++........              j - amulet of the acrobat
HPRegen 0.32/turn               h - +6 ring of dexterity
MPRegen 0.25/turn               H - ring of willpower

@: death channelling, studying Maces & Flails
A: cold resistance 1, negative energy resistance 3, torment resistance 2, heat
vulnerability 1, in touch with death 2, no potions
}: 1/15 runes: serpentine
a: Renounce Religion, Unearth Wretches, Torment


You were on level 4 of the Shoals.
You worshipped Kikubaaqudgha.
Kikubaaqudgha was extremely pleased with you.
You visited 6 branches of the dungeon, and saw 31 of its levels.

You collected 3524 gold pieces.
You spent 351 gold pieces at shops.

Inventory:

Hand Weapons
 a - a +3 trident of pain (weapon)
 b - the +7 sling of Ohoof {freeze, rF+ Str+2}
   (You found it on level 6 of the Dungeon)

   Any ammunition fired from it freezes those it strikes, dealing additional
   cold damage.
   It can also slow down cold-blooded creatures.
   Str:       It affects your strength (+2).
   rF:        It protects you from fire.
 d - the +5 dagger "Tihi" {pain, rElec Str+4 Int-3 Dex+2}
   (You found it on level 11 of the Dungeon)

   In the hands of one skilled in necromantic magic, it inflicts extra damage on
   living creatures.
   Str:       It affects your strength (+4).
   Int:       It affects your intelligence (-3).
   Dex:       It affects your dexterity (+2).
   rElec:     It insulates you from electricity.
 n - a +2 demon trident of flaming
 q - a +2 demon trident of electrocution
 u - a +4 demon trident of venom
Missiles
 m - 26 poisoned darts (quivered)
 z - 8 curare-tipped darts
 R - 5 throwing nets
 X - 3 silver javelins
Armour
 e - a +0 pair of gloves (worn)
 r - a +2 robe of fire resistance
 A - a +0 helmet (worn)
 C - a +0 pair of boots (worn)
 N - a scarf of resistance (worn)
 P - a +1 robe of the Archmagi (worn)
 S - a scarf of invisibility
 U - a +0 kite shield of protection (worn)
Magical Staves
 s - a staff of conjuration
Jewellery
 g - a ring of ice
 h - a +6 ring of dexterity (left hand)
 i - a ring of fire
 j - an amulet of the acrobat (around neck)
 B - a ring of resist corrosion
 F - a ring of willpower
 H - a ring of willpower (right hand)
 O - a ring of fire
Wands
 k - a wand of polymorph (11)
 v - a wand of flame (59)
 w - a wand of charming (21)
 x - a wand of iceblast (36)
 G - a wand of mindburst (3)
 I - a wand of quicksilver (4)
 T - a wand of digging (7)
Scrolls
 c - 5 scrolls of immolation
 f - 5 scrolls of poison
 l - 6 scrolls of torment
 o - 11 scrolls of teleportation
 p - 4 scrolls of fog
 y - 2 scrolls of blinking
 D - 2 scrolls of fear
 E - 6 scrolls of vulnerability
 J - a scroll of summoning
 K - 4 scrolls of magic mapping
 L - 12 scrolls of identify
 M - a scroll of enchant weapon
 W - a scroll of brand weapon
Miscellaneous
 t - a tin of tremorstones (2/2)
 Q - a box of beasts
 V - a lightning rod (4/4)


   Skills:
 - Level 10.0 Fighting
 - Level 5.8(6.0) Polearms
 - Level 1.5(4.0) Staves
 - Level 5.0 Armour
 - Level 10.0 Dodging
 - Level 1.5 Stealth
 * Level 8.0 Shields
 + Level 14.7 Spellcasting
 + Level 9.7 Conjurations
 - Level 4.0 Hexes
 + Level 15.3 Necromancy
 - Level 3.0 Translocations
 + Level 13.0 Earth Magic
 - Level 8.0 Evocations


You had 5 spell levels left.
You knew the following spells:

 Your Spells              Type           Power      Damage    Failure   Level
a - Magic Dart            Conj           100%       1d8       1%          1
b - Searing Ray           Conj           100%       2d8       1%          2
c - Dazzling Flash        Conj/Hex       100%       N/A       1%          3
d - Stone Arrow           Conj/Erth      100%       3d13      1%          3
e - Animate Dead          Necr           100%       N/A       1%          4
f - Anguish               Hex/Necr       59%        N/A       1%          4
g - Dispel Undead         Necr           100%       3d31      1%          4
h - Borgnjor's Vile Clut  Necr/Erth      67%        N/A       1%          5
i - Blink                 Tloc           92%        N/A       3%          2
j - Death Channel         Necr           69%        N/A       2%          6
k - Apportation           Tloc           92%        N/A       2%          1
l - Iron Shot             Conj/Erth      40%        9d8       12%         6

Your spell library contained the following spells:

 Spells                   Type           Power      Damage    Failure   Level
 Necrotise                Necr           100%       1d9       0%          1
 Sandblast                Erth           100%       2d20      1%          1
 Shock                    Conj/Air       100%       1d9       1%          1
 Passwall                 Tmut/Erth      52%        N/A       1%          2
 Vampiric Draining        Necr           100%       2d13      1%          3
 Agony                    Necr           100%       N/A       1%          5
 Confusing Touch          Hex            52%        N/A       4%          3
 Fulminant Prism          Conj/Hex       32%        3d16      4%          4
 Iskenderun's Battlesphe  Conj           75%        2d12      4%          5
 Iskenderun's Mystic Bla  Conj/Tloc      62%        2d13      6%          4
 Mephitic Cloud           Conj/Pois/Air  47%        N/A       7%          3
 Lesser Beckoning         Tloc           46%        N/A       8%          3
 Flame Wave               Conj/Fire      56%        2d13      12%         4
 Hailstorm                Conj/Ice       56%        3d12      12%         4
 Scorch                   Fire           50%        2d8       13%         2
 Cause Fear               Hex            26%        N/A       16%         4
 Manifold Assault         Tloc           46%        N/A       24%         4
 Ignite Poison            Fire/Tmut/Pois 25%        N/A       26%         3
 Swiftness                Air            25%        N/A       26%         3
 Freezing Cloud           Conj/Ice/Air   23%        6-21      52%         5
 Airstrike                Air            12%        2d(2-18)  63%         4
 Summon Lightning Spire   Summ/Air       25%        N/A       63%         4
 Yara's Violent Unravell  Hex/Tmut       19%        3d9       71%         5
 Summon Forest            Summ/Tloc      17%        N/A       77%         5
 Alistair's Intoxication  Tmut/Pois      16%        N/A       93%         5
 Simulacrum               Ice/Necr       54%        N/A       50%         6
 Eringya's Noxious Bog    Tmut/Pois      12%        N/A       100%        6
 Summon Cactus Giant      Summ           12%        N/A       100%        6
 Enfeeble                 Hex            26%        N/A       100%        7
 Spellforged Servitor     Conj/Summ      28%        N/A       100%        7
 Summon Hydra             Summ           12%        N/A       100%        7
 Maxwell's Capacitive Co  Air            12%        ∞         100%        8
 Dragon's Call            Summ           12%        N/A       100%        9
 Ice Form                 Ice/Tmut       Unusable   N/A       N/A         4
 Dragon Form              Tmut           Unusable   N/A       N/A         7
 Storm Form               Tmut/Air       Unusable   N/A       N/A         7

Dungeon Overview and Level Annotations

Branches:
Dungeon (15/15)            Temple (1/1) D:6            Lair (5/5) D:9
 Shoals (4/4) Lair:3        Snake (4/4) Lair:2        Slime (0/5) Lair:4
    Orc (2/2) D:9             Elf (0/3) Orc:2        Vaults (0/5) D:14
 Depths (0/4) D:15

Altars:
Ashenzari
Cheibriados
Dithmenos
Fedhas
Gozag
Hepliaklqana
Kikubaaqudgha
Makhleb
Nemelex Xobeh
Okawaru
Qazlal
Ru
Sif Muna
Trog
Uskayaw
Vehumet
Wu Jian
Xom
Yredelemnul
Jiyva

Shops:
D:3 [   D:5 (   D:6 (   D:13 *   Orc:2 [(![(   Shoals:1 :   Shoals:3 **
Shoals:4 (   Snake:2 :   Snake:3 [(

Annotations:
Lair:5 exclusion: obsidian statue


Innate Abilities, Weirdness & Mutations

You are immune to poison.
Your flesh is cold resistant. (rC+)
You are immune to negative energy. (rN+++)
You are immune to unholy pain and torment.
You are vulnerable to heat. (rF-)
You are strongly in touch with the powers of death.
You do not drink.


Message History

Your snapping turtle zombie closely misses the snapping turtle.
The wind drake flaps its wings at you. The air twists around and strikes you!
* * * LOW HITPOINT WARNING * * *
The merfolk javelineer throws a silver javelin.
The silver javelin pierces through your spectral merfolk javelineer!
Your spectral merfolk javelineer is destroyed!
The silver javelin pierces through your spectral sea snake.
Your spectral sea snake is destroyed!
The silver javelin misses you.
Your spectral manticore barely misses the snapping turtle.
Your spectral manticore claws the snapping turtle but does no damage.
Your spectral manticore barely misses the snapping turtle.
Okay, then.
The sea snake bites Donald.
Your merfolk impaler zombie hits the snapping turtle!
Something bites your spectral manticore but does no damage.
Your merfolk zombie hits the snapping turtle but does no damage.
The snapping turtle bites your merfolk zombie!
Your snapping turtle zombie barely misses the snapping turtle.
Your spectral manticore bites the snapping turtle but does no damage.
Your spectral manticore claws the snapping turtle.
Your spectral manticore claws the snapping turtle but does no damage.
Donald hits the sea snake!
Your spectral merfolk aquamancer hits the sea snake.
Your merfolk impaler zombie hits the snapping turtle!
Unknown command.
Press: ? - help, v - describe, . - travel
Here: a merfolk javelineer, wielding a +2 vampiric spear, wearing a +0 leather armour and quivering silver javelins (almost dead, lightly drained) Some shallow water, summoned.
Unknown command.
Okay, then.
As you read the scroll of fog, it crumbles to dust.
The scroll dissolves into smoke.
The sea snake bites Donald.
Something bites your spectral manticore but does no damage.
The merfolk javelineer throws a silver javelin.
The silver javelin pierces through your spectral manticore but does no damage.
The silver javelin pierces through you!
You die...
Kikubaaqudgha rasps: "You have failed me!
Welcome... oblivion!"

....[#[...##).[.~~~~##
#~~~~
.......####.....~~~## #~~~
..............(.~~~# ..≈m
~~~ .................~~#
.#≈# ≈~
.................~~#).≈m##
...######)........~#)m~≈≈≈
..##~....#)........#.#)~
.##~...#..#....§§§.Z#)# ~
.#≈..#≈...(#...§@....#~Z)~
##≈.≈≈≈≈.#.#...§§§(†)Z#
#≈.≈##≈≈..#........ZZS..~
#≈..≈#≈#..#........Z..Z~~
#≈#:.≈≈..~#<.........ZZk~
###≈#....~##.........ZZt~~
#.##≈≈≈≈≈##.≈≈....~~~~H~~~
#..#######~~≈≈~~~~~~~~~~~.
Z.~~~~≈≈#≈≈≈≈≈.~≈~~~~≈≈~~.


You could see 2 merfolk javelineers, a sea snake (ally target), a snapping
turtle (distracted, drained, ally target), a manticore, 2 friendly spectral
manticores, a friendly spectral harpy, a friendly spectral merfolk impaler, a
friendly spectral merfolk aquamancer, the friendly Donald the spectral human, a
friendly snapping turtle zombie, a friendly alligator snapping turtle zombie, a
friendly merfolk zombie and a friendly merfolk impaler zombie.

Vanquished Creatures
  Vashnia (Snake:3)
  Rupert (D:14)
  A kraken (Shoals:2)
  The ghost of Kecoros the Fighter, an adept OpVM of Vehumet (Snake:2)
  Donald (Shoals:4)
  6 nagarajas
  5 dire elephants (Lair:5)
  6 merfolk impalers
  A merfolk javelineer (Shoals:4)
  Josephine (D:14)
  Snorg (Lair:3)
  7 boulder beetles
  A salamander tyrant (Snake:3)
  2 vault guards (D:14)
  2 ogre magi (Orc:1)
  6 hydras
  10 anacondas
  A merfolk avatar (Shoals:4)
  A merfolk aquamancer (Shoals:1)
  Fannar (D:10)
  A catoblepas (Lair:5)
  2 alligator snapping turtles
  6 centaur warriors
  2 two-headed ogres
  A death knight (D:14)
  14 naga warriors
  Erica (D:11)
  2 tengu warriors
  9 naga sharpshooters
  3 orc high priests (Orc:2)
  7 death yaks
  A spectral dire elephant (Lair:5)
  Sonja (D:11)
  2 salamander mystics
  5 shock serpents
  4 skeletal warriors (D:12)
  4 sea snakes
  A spectral anaconda (Lair:5)
  4 naga ritualists
  A phantasmal warrior (D:14)
  12 wizards
  6 necromancers
  Pikel (D:4)
  3 deep elf pyromancers (D:14)
  A wolf spider zombie (D:15)
  3 mana vipers
  6 orc knights
  10 ugly things
  4 harpies
  7 cyclopes
  10 orc sorcerers
  8 manticores
  A wolf spider (D:14)
  5 fauns
  10 salamanders
  11 elephants
  23 black mambas
  4 merfolk sirens
  12 naga magi
  A water nymph (Shoals:4)
  Joseph (D:8)
  3 guardian serpents
  2 centaur skeletons (D:15)
  A dire elephant skeleton (Lair:5)
  7 cane toads
  A gargoyle (D:13)
  2 unseen horrors
  2 efreet
  A yaktaur (D:14)
  4 freezing wraiths
  6 komodo dragons
  4 tengu conjurers
  A rime drake (Lair:4)
  2 polar bears
  4 wind drakes
  A wolf spider simulacrum (D:15)
  11 trolls
  16 merfolk
  A wind drake (shapeshifter) (D:14)
  Prince Ribbit (D:5)
  14 slime creatures
  A hornet (D:10)
  3 blink frogs
  2 spectral elephants (Lair:5)
  A snapping turtle (Shoals:1)
  4 dream sheep
  A shadow (D:11)
  2 centaur simulacra
  A vampire (D:14)
  5 wraiths
  3 wyverns
  4 hogs (Lair:4)
  44 yaks
  4 basilisks
  A water elemental (Shoals:4)
  17 humans (D:14)
  2 death yak simulacra (Lair:5)
  A spectral cane toad (Lair:5)
  A warg (Orc:1)
  11 vampire mosquitoes
  33 nagas
  A water moccasin (shapeshifter) (D:14)
  An acid dragon (D:7)
  5 water moccasins
  2 floating eyes (Orc:1)
  17 orc warriors
  An ice beast (D:7)
  4 black bears
  6 ogres
  A sky beast (D:8)
  14 wolves
  2 elephant zombies (Lair:5)
  4 centaurs
  A lemure (D:4)
  A phantom (D:5)
  A kobold brigand (D:5)
  10 bullfrogs
  3 scorpions
  3 cane toad simulacra (Lair:5)
  7 wights
  6 killer bees (D:10)
  An elephant simulacrum (Lair:5)
  3 howler monkeys
  4 electric eels
  8 hounds
  4 gnoll boudas
  17 orc priests
  3 jellies
  4 iguanas
  18 orc wizards
  Ijyb (D:3)
  4 adders
  22 gnolls
  2 shadow imps
  3 white imps
  2 ufetubi
  A worm (D:4)
  8 dart slugs
  75 orcs
  2 ball pythons
  4 endoplasms
  2 giant cockroaches
  4 goblins
  15 hobgoblins
  5 jackals
  9 quokkas
  3 training dummies (Orc:2)
  5 bats
  11 frilled lizards
  31 kobolds
  2 rats
854 creatures vanquished.

Vanquished Creatures (collateral kills)
  3 nagarajas (Snake:4)
  Ilsuiw (Shoals:4)
  Aizul (Snake:1)
  2 merfolk javelineers (Shoals:4)
  8 merfolk impalers
  3 merfolk avatars
  9 naga warriors
  3 satyrs
  6 anacondas
  A merfolk aquamancer (Shoals:4)
  3 death yaks
  4 naga sharpshooters
  5 shock serpents
  3 salamander mystics
  4 sea snakes
  3 naga ritualists
  A wizard (D:15)
  4 harpies
  3 mana vipers
  6 salamanders
  12 fauns
  An ugly thing (D:15)
  2 manticores (Shoals:4)
  An orc sorcerer (D:15)
  2 naga magi
  5 merfolk sirens
  12 black mambas
  4 guardian serpents
  3 water nymphs
  2 elephants (Lair:5)
  5 cane toads
  A komodo dragon (Lair:4)
  A wind drake (Shoals:4)
  A hornet (Orc:1)
  17 merfolk
  9 dream sheep
  11 blink frogs
  2 snapping turtles
  3 water elementals
  2 humans (D:14)
  17 yaks
  2 basilisks (Lair:3)
  A hog (Lair:4)
  5 nagas
  A spectral cane toad (Lair:5)
  4 water moccasins
  An orc warrior (Orc:1)
  10 wolves
  6 bullfrogs
  An orc priest (Orc:1)
  10 orcs
  A bush (Lair:5)
  A fungus (Lair:5)
  3 tentacles (Shoals:2)
232 creatures vanquished.

Vanquished Creatures (others)
  Asterion (Snake:3)
  Kirke (Lair:4)
  4 merfolk impalers
  3 merfolk javelineers
  A kraken zombie (Shoals:2)
  4 hydras
  A centaur warrior (Shoals:4)
  4 anacondas
  A merfolk aquamancer (Shoals:4)
  A naga warrior (Snake:4)
  6 naga sharpshooters
  A shock serpent (Snake:1)
  2 salamander mystics
  9 anaconda zombies
  A naga ritualist (Snake:4)
  5 sea snakes
  An orc knight (Orc:2)
  An ugly thing zombie (D:14)
  3 harpies
  A faun (Shoals:2)
  2 mana vipers (Snake:3)
  A salamander (Snake:2)
  11 manticores
  2 cyclopes
  An elephant (Lair:4)
  A centaur zombie (Shoals:4)
  3 shock serpent zombies
  A merfolk siren (Shoals:4)
  2 water nymphs
  7 black mambas
  A naga mage (Snake:4)
  5 cane toads
  3 mana viper zombies (Snake:3)
  3 komodo dragons
  3 sea snake zombies
  5 hydra zombies
  2 harpy zombies
  5 merfolk
  A wind drake (Shoals:3)
  A polar bear (Lair:5)
  3 blink frogs
  2 guardian serpent zombies
  7 snapping turtles
  13 black mamba zombies
  12 yaks
  A wyvern (Lair:1)
  A golden eye (shapeshifter) (D:14)
  A tengu zombie (D:14)
  A human zombie (D:14)
  6 nagas
  15 merfolk zombies
  5 cane toad zombies
  4 water moccasins
  An orc warrior (Orc:1)
  A dream sheep zombie (Shoals:1)
  An elf zombie (D:14)
  2 elephant zombies
  2 manticore zombies
  3 blink frog zombies
  An ogre (Orc:2)
  6 wolves
  7 bullfrogs
  2 komodo dragon zombies
  10 salamander zombies
  6 water moccasin zombies
  A troll zombie (Orc:2)
  A warg zombie (Orc:1)
  29 naga zombies
  10 yak zombies
  A polar bear zombie (Lair:5)
  11 wolf zombies
  7 bullfrog zombies
  An orc wizard (Orc:1)
  An ogre zombie (Orc:2)
  9 orc zombies
  2 bushes
  55 fungi
  282 plants
  26 tentacles (Shoals:2)
  24 withered plants (Lair:5)
684 creatures vanquished.

Grand Total: 1770 creatures vanquished

Notes
Turn   | Place    | Note
-------+----------+-------------------------------------------
     0 | D:1      | scionoferis the Mummy Conjurer began the quest for the Orb.
     0 | D:1      | Reached XP level 1. HP: 13/13 MP: 4/4
   391 | D:1      | Reached XP level 2. HP: 20/20 MP: 5/5
   394 | D:1      | Learned a level 2 spell: Searing Ray
   808 | D:2      | Reached skill level 1 in Fighting
   817 | D:2      | Gained mutation: You are in touch with the powers of death.
                  | [Mummy growth]
   817 | D:2      | Reached XP level 3. HP: 26/26 MP: 2/7
  1336 | D:2      | Learned a level 3 spell: Dazzling Flash
  1463 | D:3      | Noticed Ijyb
  1495 | D:3      | Killed Ijyb
  1496 | D:3      | Reached XP level 4. HP: 32/33 MP: 2/9
  1603 | D:3      | Found a hide-covered altar of Uskayaw.
  1638 | D:3      | Found a stormy altar of Qazlal.
  1641 | D:3      | Found Moawel's Armour Emporium.
  2162 | D:3      | Found a shimmering blue altar of Sif Muna.
  2738 | D:3      | Reached skill level 1 in Shields
  2738 | D:3      | Reached XP level 5. HP: 38/38 MP: 5/10
  3364 | D:3      | Reached XP level 6. HP: 46/46 MP: 4/12
  3440 | D:3      | Found a snail-covered altar of Cheibriados.
  4165 | D:4      | Reached skill level 5 in Spellcasting
  4787 | D:5      | Entered Level 5 of the Dungeon
  4899 | D:5      | Reached XP level 7. HP: 52/52 MP: 5/15
  4925 | D:5      | Reached skill level 5 in Conjurations
  4996 | D:5      | Learned a level 3 spell: Stone Arrow
  5049 | D:5      | Noticed a yak
  5226 | D:5      | Killed a yak
  5227 | D:5      | Reached skill level 1 in Earth Magic
  5500 | D:4      | Reached XP level 8. HP: 24/58 MP: 0/17
  5744 | D:5      | Noticed Pikel
  5766 | D:4      | Killed Pikel
  6125 | D:5      | Noticed Prince Ribbit
  6134 | D:5      | Killed Prince Ribbit
  6135 | D:5      | Reached XP level 9. HP: 63/63 MP: 7/20
  6446 | D:5      | Found Atyw's Weapon Shop.
  6662 | D:6      | Found Udokuz's Weapon Shoppe.
  6719 | D:6      | Identified the +7 sling of Ohoof {freeze, rF+ Str+2}
  6736 | D:6      | Found an ornate altar of the Wu Jian Council.
  6861 | D:6      | Found a staircase to the Ecumenical Temple.
  6870 | Temple   | Entered the Ecumenical Temple
  6887 | Temple   | Became a worshipper of Kikubaaqudgha
  6988 | D:6      | Found a burning altar of Makhleb.
  7054 | D:6      | Identified the +11 chain mail of the Beginning {Harm Str+7
                  | Dex+4}
  7299 | D:7      | Reached skill level 1 in Necromancy
  7379 | D:7      | Reached skill level 5 in Shields
  7467 | D:7      | Reached skill level 2 in Necromancy
  7991 | D:7      | Reached skill level 3 in Necromancy
  8312 | D:8      | Reached * piety under Kikubaaqudgha
  8312 | D:8      | Received a gift from Kikubaaqudgha
  8318 | D:8      | Learned a level 4 spell: Animate Dead
  8543 | D:8      | Killed an unseen horror
  8544 | D:8      | Reached skill level 4 in Necromancy
  8719 | D:8      | Reached XP level 10. HP: 61/70 MP: 8/23
  8948 | D:8      | You fall into a shaft and drop 2 floors!
  8948 | D:10     | Entered Level 10 of the Dungeon
  9072 | D:9      | Reached skill level 5 in Necromancy
  9130 | D:9      | Reached skill level 5 in Earth Magic
  9420 | D:8      | Noticed a two-headed ogre
  9423 | D:8      | Killed a two-headed ogre
  9424 | D:8      | Reached skill level 6 in Necromancy
  9424 | D:8      | Reached skill level 1 in Evocations
  9655 | D:8      | Noticed Joseph
  9662 | D:8      | Killed Joseph
  9663 | D:8      | Reached skill level 1 in Armour
  9663 | D:8      | Reached skill level 10 in Spellcasting
  9795 | D:8      | Reached ** piety under Kikubaaqudgha
 10883 | D:9      | Reached skill level 7 in Necromancy
 11075 | D:9      | Found a staircase to the Lair.
 11504 | D:9      | Reached XP level 11. HP: 75/75 MP: 12/25
 11585 | D:9      | Found a staircase to the Orcish Mines.
 11698 | D:8      | Learned a level 4 spell: Anguish
 11853 | D:9      | Reached *** piety under Kikubaaqudgha
 11853 | D:9      | Received a gift from Kikubaaqudgha
 12194 | D:9      | Learned a level 4 spell: Dispel Undead
 12200 | D:9      | Learned a level 5 spell: Borgnjor's Vile Clutch
 12725 | D:10     | Identified the +0 kite shield of Peek-a-Boo {rCorr Str+3
                  | Int+3}
 12854 | D:10     | Learned a level 2 spell: Blink
 13317 | D:10     | Reached skill level 1 in Hexes
 13738 | D:11     | Noticed Fannar
 13767 | D:10     | HP: 3/76 [Fannar/staff of cold (2)]
 13770 | D:10     | HP: 1/76 [Fannar/staff of cold (3)]
 13772 | D:10     | Killed Fannar
 14331 | D:11     | Identified the +5 dagger "Tihi" {pain, rElec Str+4 Int-3
                  | Dex+2}
 14347 | D:11     | Noticed Sonja
 14351 | D:11     | Killed Sonja
 14352 | D:11     | Reached skill level 8 in Necromancy
 15218 | D:11     | Noticed Erica
 15308 | D:11     | Killed Erica
 15309 | D:11     | Reached skill level 5 in Fighting
 15644 | D:12     | Reached skill level 5 in Evocations
 15941 | D:12     | Noticed a skeletal warrior
 15941 | D:12     | Noticed a skeletal warrior
 15964 | D:12     | Killed a skeletal warrior
 16452 | D:12     | Noticed a skeletal warrior
 16468 | D:12     | Noticed a skeletal warrior
 16475 | D:12     | Killed a skeletal warrior
 16476 | D:12     | Reached skill level 9 in Necromancy
 16477 | D:12     | Killed a skeletal warrior
 16478 | D:12     | Reached XP level 12. HP: 86/86 MP: 3/26
 16872 | D:12     | Reached **** piety under Kikubaaqudgha
 17025 | D:12     | Noticed a boulder beetle
 17036 | D:12     | Killed a boulder beetle
 17217 | D:12     | Reached skill level 1 in Translocations
 17888 | Lair:1   | Entered Level 1 of the Lair of Beasts
 18127 | D:9      | Reached skill level 10 in Necromancy
 19920 | Lair:2   | Gained mutation: You are strongly in touch with the powers
                  | of death. [Mummy growth]
 19920 | Lair:2   | Reached XP level 13. HP: 41/91 MP: 5/29
 20800 | Lair:2   | Found a staircase to the Snake Pit.
 21547 | Lair:3   | Found a staircase to the Shoals.
 21632 | Lair:3   | Noticed Snorg
 21637 | Lair:3   | Killed Snorg
 22214 | Lair:3   | Learned a level 6 spell: Death Channel
 23362 | Lair:4   | Found a viscous altar of Jiyva.
 23362 | Lair:4   | Found a staircase to the Slime Pits.
 23469 | Lair:4   | Noticed Kirke
 23476 | Lair:4   | Reached skill level 5 in Dodging
 23482 | Lair:4   | Killed Kirke
 23846 | Lair:5   | Entered Level 5 of the Lair of Beasts
 23978 | Lair:5   | Reached XP level 14. HP: 97/104 MP: 4/30
 24302 | Lair:5   | Reached skill level 11 in Necromancy
 24814 | Lair:5   | Identified a scroll of acquirement
 24815 | Lair:5   | Acquired a staff of death
 25336 | Lair:5   | Reached ***** piety under Kikubaaqudgha
 27548 | D:13     | Found Atyat's Serpentskin Sales.
 27854 | D:13     | Reached skill level 12 in Necromancy
 28005 | D:14     | Reached XP level 15. HP: 97/115 MP: 19/31
 28174 | D:14     | Reached skill level 10 in Earth Magic
 28194 | D:14     | Noticed Rupert
 28427 | D:14     | Reached skill level 10 in Fighting
 28726 | D:14     | Found an opulent altar of Gozag.
 28905 | D:14     | Reached skill level 1 in Polearms
 28905 | D:14     | Reached skill level 1 in Staves
 29538 | D:14     | Identified the +7 shortbow of the Blushing Blowfly {vorpal,
                  | Str+2 Int+2 SInv}
 30467 | D:14     | Noticed Josephine
 30477 | D:14     | Killed Josephine
 30695 | D:14     | Killed Rupert
 31409 | D:14     | Reached skill level 13 in Necromancy
 31721 | D:14     | Found a gate to the Vaults.
 31878 | D:15     | Entered Level 15 of the Dungeon
 32377 | D:15     | Found a staircase to the Depths.
 32686 | D:15     | Reached ****** piety under Kikubaaqudgha
 32688 | D:15     | Reached XP level 16. HP: 99/122 MP: 9/32
 33490 | Snake:1  | Entered Level 1 of the Snake Pit
 33902 | Snake:1  | Noticed Aizul
 33921 | Snake:1  | Killed Aizul
 34278 | Snake:1  | Learned a level 1 spell: Apportation
 34854 | Snake:2  | Found a large runed translucent door.
 34854 | Snake:2  | Found a large runed translucent door.
 34857 | Snake:2  | Noticed Kecoros's ghost (adept OpVM)
 34872 | Snake:2  | Killed Kecoros's ghost
 35014 | Snake:2  | You fall into a shaft and drop 1 floor!
 35256 | Snake:3  | Noticed Vashnia
 35435 | Snake:3  | Killed Vashnia
 35436 | Snake:3  | Reached skill level 14 in Necromancy
 35611 | Snake:2  | Found Matuar's Book Boutique.
 36148 | Snake:2  | Identified the +11 arbalest of Ongul {venom, Drain rElec
                  | rPois Dex+2}
 36656 | Snake:3  | Found Oreor's Antique Armour Boutique.
 36662 | Snake:3  | Found Alozybom's Weapon Shop.
 36772 | Snake:3  | Reached skill level 10 in Dodging
 37315 | Snake:3  | Reached skill level 5 in Polearms
 37963 | Snake:3  | Noticed Asterion
 37975 | Snake:3  | Killed Asterion
 38708 | Orc:1    | Entered Level 1 of the Orcish Mines
 38735 | Orc:1    | Reached XP level 17. HP: 128/128 MP: 2/33
 38942 | Orc:1    | Paralysed by a floating eye for 3 turns
 39362 | Orc:2    | Entered Level 2 of the Orcish Mines
 39366 | Orc:2    | Found a staircase to the Elven Halls.
 39642 | Orc:2    | Found Tayhir's Firing Range.
 41003 | Orc:2    | Found Unipaisi's Antique Armour Shop.
 41087 | Orc:2    | Found Bud Jeok's Weapon Shoppe.
 41088 | Orc:2    | Found Tohyotav's Armour Shop.
 41089 | Orc:2    | Found Taug's Distillery.
 41125 | Orc:2    | Bought an encrusted helmet for 351 gold pieces
 41125 | Orc:2    | Identified the +0 helmet "Kitel" {rPois rF- rN+ Slay+3
                  | Stlth+} (You bought it in a shop on level 2 of the Orcish
                  | Mines)
 41404 | Shoals:1 | Entered Level 1 of the Shoals
 41489 | Shoals:1 | Reached skill level 15 in Necromancy
 41636 | Shoals:1 | Found Powixuer's Book Emporium.
 41819 | Shoals:1 | Upgraded the game from 0.30-a0-55-g90e3122c3a to
                  | 0.30-a0-58-gc0703345a7
 41954 | Shoals:1 | Reached skill level 5 in Armour
 42158 | Shoals:1 | Upgraded the game from 0.30-a0-58-gc0703345a7 to
                  | 0.29.1-debian-1-gc3f1650bb9
 43152 | Snake:4  | Entered Level 4 of the Snake Pit
 45400 | Snake:4  | Reached XP level 18. HP: 134/134 MP: 26/35
 45776 | Snake:4  | Got a serpentine rune of Zot
 46013 | D:9      | Learned a level 6 spell: Iron Shot
 47449 | Shoals:3 | Found Cory's General Store.
 47454 | Shoals:3 | Found Qovirgh's Specific Store.
 48308 | Shoals:4 | Entered Level 4 of the Shoals
 48341 | Shoals:4 | Noticed Ilsuiw
 48370 | Shoals:4 | Killed Ilsuiw
 49057 | Shoals:4 | Your ally Ilsuiw died
 49255 | Shoals:4 | Found Witwoet's Weapon Boutique.
 49407 | Shoals:4 | Noticed Donald
 49417 | Shoals:4 | Killed Donald
 49420 | Shoals:4 | HP: 3/134 [wind drake/the air (15)]
 49422 | Shoals:4 | Hit by a silver javelin thrown by a merfolk javelineer

Illustrated notes

Levels and vault maps discovered:
D:1:      dpeg_arrival_rooms_with_view, layout_rooms, minmay_misc_feat_tower
D:2:      layout_rooms
D:3:      minmay_goblin_kobold_castle, layout_loops_ring, minitemple,
          grunt_qazlal_sundering, lemuel_blue_sif_altar, serial_shops, shop,
          minmay_misc_feat_five, minmay_lizard_king, uniq_ijyb
D:4:      layout_loops_ring, hangedman_decor_growths,
          kennysheep_decorative_pillar
D:5:      cheibrodos_fzero, layout_cave_pools, serial_shops, nicolae_shop_trees,
          kennysheep_generic_room_4, uniq_pikel, uniq_prince_ribbit1
D:6:      layout_loops_cross, makhleb_blood_cavern_becter,
          mainiacjoe_overflow_surrounded_room, minmay_temple_entry_antechambers,
          serial_shops, kennysheep_mini_moat
D:7:      layout_basic, minmay_manual_macuahuitl
D:8:      layout_basic, uniq_joseph
D:9:      layout_basic, erik_lair_island, hiddenorc2_lemuel
D:10:     layout_cave_pods, kennysheep_small_spiral
D:11:     layout_stronghold, uniq_erica, uniq_fannar, uniq_sonja
D:12:     minmay_wizard_corner, layout_loops_ring
D:13:     layout_roguey, guppyfry_shop_venom
D:14:     minmay_the_grid_square_5x5_4x4 [minmay_the_grid_square_5x5_lines,
          minmay_the_grid_square_5x5_sharp_hourglass,
          minmay_the_grid_square_5x5_minibox,
          minmay_the_grid_square_5x5_percent, minmay_the_grid_square_5x5_fat_x,
          minmay_the_grid_square_5x5_prize_monsterx,
          minmay_the_grid_square_5x5_prize_itemx,
          minmay_the_grid_square_5x5_two_walls_b, minmay_the_grid_square_5x5_z,
          minmay_the_grid_square_5x5_prize_rear_guard,
          minmay_the_grid_square_5x5_prize_waves,
          minmay_the_grid_square_5x5_two_small, minmay_the_grid_square_5x5_v,
          minmay_the_grid_square_5x5_inner_i,
          minmay_the_grid_square_5x5_misaligned,
          minmay_the_grid_square_5x5_shrine1], layout_loops_cross,
          grunt_vaults_entry_tiered, chequers_serial_rivers_marsh,
          uniq_josephine, uniq_rupert
D:15:     grunt_enter_depths_magical_seal, layout_loops_ring, roderic_lattice_a
Temple:   hellmonk_temple_two_chambers
Lair:1:   layout_cave_pods, serial_bayou_shore_a, infiniplex_staircase_pool_2,
          grunt_megastairs_1
Lair:2:   layout_hall_layers, guppyfry_snake_entry_garden,
          nicolae_quartered_pool_impasse, beast_lair_carwin_6, lemuel_fruit_tree
Lair:3:   layout_big_grid, minmay_shoals_entry_lonely_mermaid,
          chequers_serial_rivers_room_a, uniq_snorg
Lair:4:   layout_loops_ring, minmay_slime_entry_pillars, uniq_kirke
Lair:5:   due_jungle_book, layout_regular_city, st_stairs_5,
          nicolae_lair_grazing_beasts [nicolae_sub_lair_graze_edge,
          nicolae_sub_lair_graze_edge, nicolae_sub_lair_graze_edge,
          nicolae_sub_lair_graze_edge], grunt_megastairs_2,
          infiniplex_staircase_pool, serial_bayou_shore_b
Shoals:1: layout_shoals, serial_shops, nicolae_square_shop,
          nicolae_shoals_shepherds
Shoals:2: layout_shoals
Shoals:3: layout_shoals, nicolae_specific_store
Shoals:4: shoals_end_hangedman, layout_shoals, shoals_ilsuiw_alternative,
          serial_shops, nicolae_shop_statue_plus, uniq_donald, uniq_polyphemus
Snake:1:  layout_misc_corridors, uniq_aizul
Snake:2:  layout_misc_corridors, serial_shops, nicolae_shop_hallway_stairs,
          ebering_ghost_disaster_area
Snake:3:  layout_chambers, nicolae_elevator_lobby_asterisk,
          serial_bayou_shore_b, minmay_shoptagon, uniq_asterion, uniq_vashnia
Snake:4:  grunt_snake_rune_serpentine_throne, layout_layer_cave,
          grunt_megastairs_3
Orc:1:    hellmonk_paralyzer, layout_diamond_mine
Orc:2:    st_orc_elflike, layout_diamond_mine, nicolae_shop_firing_range

Skill      XL: |  1  2  3  4  5  6  7  8  9 10 11 12 13 14 15 16 17 18 |
---------------+-------------------------------------------------------+-----
Spellcasting   | 3 4 5 6 7 9 10 12 13 14 | 14.7
Fighting       | 1 2 3 5 7 9 10 | 10.0
Conjurations   | 4 5 6 7 8 9 |  9.7
Shields        | 1 2 3 4 5 6 8 |  8.0
Earth Magic    | 1 3 4 5 7 8 9 11 12 13 | 13.0
Necromancy     | 4 7 9 10 12 13 14 15 | 15.3
Evocations     | 3 5 6 8 |  8.0
Armour         | 2 3 5 |  5.0
Hexes          | 4 |  4.0
Translocations | 3 |  3.0
Dodging        | 2 5 7 8 10 | 10.0
Polearms       | 3 5 |  5.8
Staves         | 1 |  1.5
Stealth        | |  1.5

Action                   |  1- 3 |  4- 6 |  7- 9 | 10-12 | 13-15 | 16-18 || total
-------------------------+-------+-------+-------+-------+-------+-------++-------
Melee: Dagger            |    26 |       |       |     1 |    42 |     2 ||    71
       Whip              |     1 |       |       |       |       |       ||     1
       Trident           |       |    28 |    11 |     3 |    33 |    91 ||   166
       Staff             |       |       |       |    18 |    40 |   102 ||   160
       Cutlass           |       |       |       |       |     3 |       ||     3
       Demon trident     |       |       |       |       |       |     8 ||     8
       Punch             |       |       |       |       |       |     1 ||     1
 Fire: Sling             |    43 |   101 |    64 |    56 |    49 |     6 ||   319
Throw: Dart              |       |       |       |     4 |     3 |     1 ||     8
 Cast: Magic Dart        |    10 |       |       |     7 |     1 |       ||    18
       Searing Ray       |    10 |    47 |    59 |    88 |       |       ||   204
       Stone Arrow       |       |       |    12 |   135 |   148 |    43 ||   338
       Borgnjor's Vile C |       |       |       |    16 |   173 |   283 ||   472
       Anguish           |       |       |       |     4 |    13 |     4 ||    21
       Animate Dead      |       |       |       |     3 |     8 |    18 ||    29
       Dispel Undead     |       |       |       |     3 |    38 |     3 ||    44
       Blink             |       |       |       |     3 |     1 |     1 ||     5
       Death Channel     |       |       |       |       |     5 |    11 ||    16
       Dazzling Flash    |       |       |       |       |       |     2 ||     2
Invok: Unearth Wretches  |       |       |       |     7 |     6 |    27 ||    40
Evoke: Wand              |       |     2 |     1 |    14 |     1 |       ||    18
       Tin of tremorston |       |       |       |       |     1 |       ||     1
       Box of beasts     |       |       |       |       |       |     1 ||     1
  Use: Scroll            |       |       |       |    13 |     5 |     1 ||    19
 Stab: Paralysed         |       |       |       |     5 |     3 |    20 ||    28
       Sleeping          |       |       |       |     1 |     1 |     2 ||     4
       Distracted        |       |       |       |       |     2 |     6 ||     8
       Invisible         |       |       |       |       |       |     1 ||     1
Armor: Robe              |     3 |       |       |    52 |    10 |     4 ||    69
       Ring mail         |    23 |       |       |       |       |       ||    23
       Leather armour    |       |    23 |    17 |     9 |       |       ||    49
       Troll leather arm |       |       |       |       |    37 |    51 ||    88
Dodge: Dodged            |    38 |    40 |    85 |   172 |   164 |   267 ||   766
Block: Buckler           |     4 |    19 |    35 |    73 |    61 |    22 ||   214
       Kite shield       |       |       |       |       |       |    90 ||    90
